 Dungeon Crawl Stone Soup version 0.29-a0-82-g837932c90e (webtiles) character file.

Game seed: 18427445532259022519

114445 mathmaestro the Grappler (level 16, -8/178 HPs)
             Began as a Troll Monk on Feb 4, 2022.
             Splashed with acid (30 damage)
             ... on level 4 of the Pits of Slime.
             The game lasted 01:05:55 (24808 turns).

mathmaestro the Grappler (Troll Monk)              Turns: 24808, Time: 01:05:55

Health: -8/178     AC: 11    Str: 29      XL:     16   Next: 16%
Magic:  16/16      EV:  9    Int:  9      God:
Gold:   684        SH: 17    Dex: 13 (14) Spells: 15/15 levels left

rFire   + + +      SeeInvis +     - Unarmed
rCold   + + .      Faith    .   M - +2 shield of Resistance {rF++ rC++ Will++}
rNeg    . . .      Spirit   .   H - +7 fire dragon scales
rPois   .          Reflect  +   u - +1 hat
rElec   .          Harm     .   C - +2 cloak {Will+}
rCorr   .          Rampage  .   (gloves unavailable)
Will    ++++.                   (boots unavailable)
Stlth   ..........              r - amulet "Ciudobuots" {Reflect Int+3 Dex+2 SH+5 SInv Stlth-}
HPRegen 1.19/turn               I - ring of protection from cold
MPRegen 0.15/turn               a - +4 ring of protection

@: corroded
A: large, unfitting armour, claws 3, regeneration 1, shaggy fur 1, tough skin 1,
iridescent scales 1, fire resistance 1, high MP 1, robust 1
a: no special abilities


You were on level 4 of the Pits of Slime.
You visited 5 branches of the dungeon, and saw 28 of its levels.

You collected 2223 gold pieces.
You spent 1539 gold pieces at shops.

Inventory:

Hand Weapons
 D - a +4 scimitar of flaming
 N - the +8 trident of Terra Cotta {vamp, +Blink rElec rPois Dex-3}
   (You found it on level 10 of the Dungeon)

   It occasionally heals its wielder for a portion of the damage dealt when it
   wounds a living foe.
   Dex:       It affects your dexterity (-3).
   rElec:     It insulates you from electricity.
   rPois:     It protects you from poison.
   +Blink:    It lets you blink.
Missiles
 b - 579 arrows
 d - 12 large rocks (quivered)
 e - 698 stones
 h - 84 sling bullets
 j - 6 silver javelins
 m - 6 javelins
 o - 15 boomerangs
 s - 5 poisoned darts
 E - 83 bolts
 K - 3 curare-tipped darts
 Y - 2 silver boomerangs
 Z - 3 boomerangs of dispersal
Armour
 u - a +1 hat (worn)
 C - a +2 cloak of willpower (worn)
 H - +7 fire dragon scales (worn)
 M - the +2 shield of Resistance (worn) {rF++ rC++ Will++}
   (You found it on level 3 of the Lair of Beasts)

   rF:        It greatly protects you from fire.
   rC:        It greatly protects you from cold.
   Will:      It greatly increases your willpower.
Jewellery
 a - a +4 ring of protection (right claw)
 p - a ring of positive energy
 r - the amulet "Ciudobuots" (around neck) {Reflect Int+3 Dex+2 SH+5 SInv Stlth-}
   (You found it on level 4 of the Lair of Beasts)

   [amulet of reflection]

   It reflects blocked missile attacks.
   Int:       It affects your intelligence (+3).
   Dex:       It affects your dexterity (+2).
   SInv:      It lets you see invisible.
   SH:        It affects your SH (+5).
   Stlth:     It makes you less stealthy.
 I - a ring of protection from cold (left claw)
Wands
 f - a wand of iceblast (18)
 i - a wand of flame (37)
 n - a wand of acid (4)
 x - a wand of paralysis (9)
 y - a wand of polymorph (23)
 O - a wand of digging (3)
Scrolls
 g - 2 scrolls of fog
 l - 3 scrolls of immolation
 t - 3 scrolls of identify
 w - 9 scrolls of teleportation
 z - 3 scrolls of fear
 F - 2 scrolls of magic mapping
 P - 5 scrolls of blinking
 R - 2 scrolls of silence
 V - a scroll of summoning
 W - a scroll of holy word
Potions
 c - a potion of magic
 k - 4 potions of brilliance
 q - 2 potions of lignification
 v - 9 potions of curing
 A - 4 potions of ambrosia
 B - 2 potions of resistance
 G - 5 potions of heal wounds
 L - 2 potions of haste
 Q - 3 potions of flight
 T - 3 potions of might
 X - 2 potions of cancellation
Miscellaneous
 J - a lightning rod (4/4)
 S - a phantom mirror
 U - a box of beasts


   Skills:
 + Level 11.2 Fighting
 - Level 10.0 Throwing
 + Level 10.1 Armour
 - Level 7.0 Dodging
 - Level 1.0 Stealth
 + Level 8.3 Shields
 + Level 13.2 Unarmed Combat
 + Level 9.8 Evocations


You had 15 spell levels left.
You didn't know any spells.
Your spell library contained the following spells:

 Spells                   Type           Power      Damage    Failure   Level
 Apportation              Tloc           0%         N/A       86%         1
 Beastly Appendage        Tmut           0%         N/A       86%         1
 Magic Dart               Conj           0%         1d3       86%         1
 Pain                     Necr           0%         1d4       86%         1
 Shock                    Conj/Air       0%         1d3       86%         1
 Blink                    Tloc           0%         N/A       95%         2
 Call Imp                 Summ           0%         N/A       95%         2
 Searing Ray              Conj           0%         2d4       95%         2
 Sublimation of Blood     Necr           0%         N/A       95%         2
 Wereblood                Tmut           0%         N/A       95%         2
 Conjure Flame            Conj/Fire      0%         6-21      99%         3
 Dazzling Flash           Conj/Hex       0%         N/A       99%         3
 Gell's Gravitas          Tloc           0%         N/A       99%         3
 Ignite Poison            Fire/Tmut/Pois 0%         N/A       99%         3
 Inner Flame              Hex/Fire       0%         N/A       99%         3
 Lesser Beckoning         Tloc           0%         N/A       99%         3
 Mephitic Cloud           Conj/Pois/Air  0%         N/A       99%         3
 Spider Form              Tmut/Pois      0%         N/A       99%         3
 Swiftness                Air            0%         N/A       99%         3
 Teleport Other           Tloc           0%         N/A       99%         3
 Vampiric Draining        Necr           0%         2d6       99%         3
 Airstrike                Air            0%         N/A       100%        4
 Cause Fear               Hex            0%         N/A       100%        4
 Fulminant Prism          Conj/Hex       0%         3d6       100%        4
 Iskenderun's Mystic Bla  Conj/Tloc      0%         2d3       100%        4
 Sticky Flame             Conj/Fire      0%         2d3       100%        4
 Agony                    Necr           0%         N/A       100%        5
 Alistair's Intoxication  Tmut/Pois      0%         N/A       100%        5
 Excruciating Wounds      Necr           0%         N/A       100%        5
 Manifold Assault         Tloc           0%         N/A       100%        5
 Silence                  Hex/Air        0%         N/A       100%        5
 Starburst                Conj/Fire      0%         6d3       100%        6
 Discord                  Hex            0%         N/A       100%        8


Dungeon Overview and Level Annotations

Branches:
Dungeon (15/15) Temple (1/1) D:5 Lair (6/6) D:10 Swamp (0/4) Lair:4 Snake (0/4) Lair:3 Slime (4/5) Lair:5 Orc (2/2) D:12 Elf (0/3) Orc:2 Vaults (0/5) D:12 D:13 Depths (0/4) D:15

Altars:
Ashenzari
Cheibriados
Dithmenos
Elyvilon
Fedhas
Gozag
Hepliaklqana
Kikubaaqudgha
Makhleb
Nemelex Xobeh
Okawaru
Qazlal
Ru
Sif Muna
Trog
Uskayaw
Vehumet
Wu Jian
Xom
Yredelemnul
Zin
The Shining One
Beogh

Shops:
D:3 =   D:11 [   D:15 [   Orc:2 [?*!

Portals:
Trove: D:13 (give 4 potions of resistance)

Annotations:
D:8 1 transporter
D:9 3 runed translucent doors


Innate Abilities, Weirdness & Mutations

You are too large for most types of armour.
You have claws for hands.
Your natural rate of healing is unusually fast.
You are covered in fur. (AC +1)
You have tough skin. (AC +1)
You are partially covered in iridescent scales. (AC +2)
Your flesh is heat resistant. (rF+)
You have an increased reservoir of magic. (+10% MP)
You are robust. (+10% HP)


Message History

The splash of acid hits you! The acid corrodes you!
The quicksilver ooze quivers.
You scratch the azure jelly.
The azure jelly is lightly wounded.
You block the azure jelly's attack.
The azure jelly hits you but does no damage. x2
You block the azure jelly's attack. The azure jelly hits you.
The azure jelly freezes you! You resist.
You block the azure jelly's attack. x2; The azure jelly hits you.
The azure jelly hits you. The azure jelly freezes you! You resist.
The azure jelly closely misses you. The azure jelly barely misses you.
The azure jelly hits you.
There is a stone staircase leading down here.
The quicksilver ooze hits you. The quicksilver ooze engulfs you!
The quicksilver ooze hits you but does no damage.
You block the quicksilver ooze's attack.
The quicksilver ooze hits you but does no damage.
The acid blob hits you!
* * * LOW HITPOINT WARNING * * *
The acid corrodes you!
You are splashed with acid!
* * * LOW HITPOINT WARNING * * *
You climb downwards.
You gasp with relief as air once again reaches your lungs.
The acid blob quivers.
The slime creature quivers. x5
There is a stone staircase leading up here.
Blink to where?
Press: ? - help, Dir - move target 4 slime creatures and an acid blob come into view.
Found a stone staircase leading down and a stone staircase leading up.
As you read the scroll of blinking, it crumbles to dust.
A sourceless malevolence fills the Pits of Slime... and a teleportation trap spontaneously manifests!
You are yanked towards some nearby monsters!
Your surroundings suddenly seem different. 3 slime creatures, an acid blob and an azure jelly come into view.
Found a stone staircase leading down.
You are splashed with acid!!!
* * * LOW HITPOINT WARNING * * *
The slime creature quivers. x2; The acid blob quivers.
The azure jelly quivers.
The slime creature moves out of view. x4; The acid blob moves out of view.
You feel much better.
You are splashed with acid!!
You die...

### #@#
#.......>....
......J........
...............
..J.J..........
...J......J....
....#..........
##.............


You could see an acid blob, an azure jelly and 3 slime creatures.

Vanquished Creatures
  Rupert (D:13)
  Jorgrun (Orc:2)
  An azure jelly (Lair:5)
  An orc warlord (Orc:2)
  The ghost of Dobruq the Warrior, a journeyman OgTm of Makhleb (Lair:4)
  A ghost moth (shapeshifter) (D:15)
  2 ghouls (D:13)
  2 very ugly things (D:15)
  The ghost of HallandMoats the Orderly, a journeyman DsFi of Makhleb (D:12)
  3 fire dragons
  Snorg (Orc:1)
  Fannar (Lair:2)
  Josephine (Orc:2)
  A great orb of eyes (D:15)
  4 boulder beetles
  12 hydras
  An ogre mage (D:15)
  2 catoblepae
  A death knight (D:14)
  A centaur warrior (D:13)
  Erica (D:8)
  10 two-headed ogres
  6 death yaks (Lair:6)
  Urug (D:13)
  4 orc high priests (Orc:2)
  Sonja (Lair:3)
  12 skeletal warriors
  2 bog bodies (Lair:4)
  A necromancer (D:10)
  4 orc knights
  2 lindwurms
  4 orc sorcerers
  2 deep elf pyromancers (D:12)
  16 ugly things
  4 cyclopes
  6 manticores
  10 elephants
  3 centaur zombies
  Maurice (D:8)
  6 black mambas
  A torpor snail (Lair:4)
  2 molten gargoyles (Lair:6)
  Maggie (Lair:2)
  2 gargoyles (D:13)
  12 cane toads
  2 freezing wraiths
  14 komodo dragons
  An unseen horror (shapeshifter) (D:13)
  12 trolls
  16 blink frogs
  14 slime creatures
  9 wraiths
  A water elemental (D:12)
  7 wyverns
  32 yaks
  4 hogs (D:8)
  2 vampires
  17 humans
  5 basilisks
  4 steam dragons
  Grum (D:8)
  2 wargs
  2 vampire mosquitoes (D:14)
  2 swamp worms (Lair:4)
  3 acid dragons
  5 hell hounds (Lair:6)
  43 orc warriors
  13 water moccasins
  A sky beast (D:6)
  3 black bears
  3 necrophages
  11 ogres
  16 centaurs
  15 wolves
  A kobold brigand (D:10)
  19 bullfrogs
  A gnoll sergeant (D:11)
  A wyvern zombie (D:9)
  2 scorpions
  A water moccasin skeleton (D:5)
  7 wights
  14 killer bees
  4 electric eels
  7 lava snakes
  4 hounds
  A bullfrog zombie (D:6)
  5 jellies
  Crazy Yiuf (D:6)
  26 orc priests
  4 bullfrog skeletons
  2 iguanas
  A scorpion zombie (D:5)
  20 orc wizards
  4 hell rats (Lair:5)
  3 polar bear simulacra (D:10)
  3 yak simulacra (D:10)
  4 wolf simulacra (D:10)
  A killer bee zombie (D:8)
  A mummy (D:13)
  3 gnolls (D:11)
  8 adders
  A shadow imp (D:6)
  4 dart slugs
  96 orcs
  10 endoplasms
  3 giant cockroaches
  5 goblins
  8 hobgoblins
  6 jackals (D:2)
  5 quokkas
  9 ball pythons
  4 bats
  A frilled lizard (D:1)
  15 kobolds
  A quokka skeleton (D:4)
  5 rats
  A river rat simulacrum (D:10)
735 creatures vanquished.

Vanquished Creatures (others)
  An orc (Orc:2)
  13 fungi
  39 plants
  3 withered plants (D:13)
56 creatures vanquished.

Grand Total: 791 creatures vanquished

Notes
Turn   | Place    | Note
-------+----------+-------------------------------------------
     0 | D:1      | mathmaestro the Troll Monk began the quest for the Orb.
     0 | D:1      | Reached XP level 1. HP: 22/22 MP: 0/0
    86 | D:1      | Reached XP level 2. HP: 26/29 MP: 1/1
   425 | D:1      | Reached XP level 3. HP: 36/36 MP: 2/2
   955 | D:2      | You fall into a shaft and drop 2 floors!
   969 | D:4      | Reached XP level 4. HP: 36/45 MP: 3/3
  1056 | D:3      | Found Niv Faextos's Jewellery Boutique.
  1062 | D:3      | Noticed an ogre
  1295 | D:2      | Reached skill level 4 in Unarmed Combat
  1400 | D:2      | Found a shimmering blue altar of Sif Muna.
  1663 | D:3      | Reached XP level 5. HP: 25/53 MP: 4/4
  1668 | D:3      | Killed an ogre
  1970 | D:3      | Reached skill level 1 in Throwing
  1976 | D:3      | Reached XP level 6. HP: 29/61 MP: 5/5
  2376 | D:4      | Reached skill level 1 in Evocations
  2952 | D:5      | Entered Level 5 of the Dungeon
  2956 | D:5      | Noticed a water moccasin
  2968 | D:4      | Killed a water moccasin
  2969 | D:4      | Reached XP level 7. HP: 48/68 MP: 6/6
  3543 | D:5      | Reached skill level 5 in Unarmed Combat
  3717 | D:5      | Found a staircase to the Ecumenical Temple.
  3725 | D:5      | Reached XP level 8. HP: 58/79 MP: 7/7
  3755 | Temple   | Entered the Ecumenical Temple
  4599 | D:6      | Reached skill level 5 in Dodging
  4599 | D:6      | Reached skill level 6 in Unarmed Combat
  4632 | D:6      | Reached skill level 5 in Fighting
  4714 | D:6      | Reached XP level 9. HP: 63/88 MP: 8/8
  4768 | D:6      | Found a runed translucent door.
  4769 | D:6      | Noticed Crazy Yiuf
  4777 | D:6      | Killed Crazy Yiuf
  5070 | D:6      | Identified the +1 scale mail "Ecytoo" {rN+ Will- Stlth+}
  5186 | D:7      | Found a glowing golden altar of the Shining One.
  5615 | D:7      | Identified the +1 chain mail "Ceodi" {Int+4}
  6147 | D:8      | Noticed Grum
  6152 | D:8      | Reached skill level 5 in Throwing
  6152 | D:8      | Reached skill level 7 in Unarmed Combat
  6159 | D:8      | Killed Grum
  6261 | D:8      | Found a transporter.
  6325 | D:8      | Reached XP level 10. HP: 69/98 MP: 9/9
  6486 | D:8      | Noticed Maurice
  6526 | D:8      | Killed Maurice
  6633 | D:8      | Noticed Erica
  6647 | D:8      | Killed Erica
  6864 | D:8      | Reached skill level 5 in Evocations
  7121 | D:8      | Reached skill level 8 in Unarmed Combat
  7535 | D:9      | Found a runed translucent gate.
  7535 | D:9      | Found a runed translucent gate.
  7535 | D:9      | Found a runed translucent gate.
  7535 | D:9      | Noticed a cyan ugly thing
  7536 | D:9      | Noticed a green ugly thing
  7536 | D:9      | Noticed an eye of devastation
  7536 | D:9      | Noticed a cyan ugly thing
  7538 | D:9      | Noticed a purple ugly thing
  7538 | D:9      | Noticed a lindwurm
  7538 | D:9      | an eye of devastation changed into a lindwurm
  7539 | D:9      | Noticed a white ugly thing
  7541 | D:9      | Noticed a water nymph
  7541 | D:9      | a lindwurm changed into a water nymph
  7542 | D:9      | Noticed an elephant
  7542 | D:9      | a water nymph changed into an elephant
  7552 | D:9      | Noticed a salamander
  7552 | D:9      | an elephant changed into a salamander
  7910 | D:10     | Entered Level 10 of the Dungeon
  8080 | D:10     | Got the Tome of Evil Magic
  8368 | D:10     | Found a staircase to the Lair.
  8407 | D:10     | Reached XP level 11. HP: 106/109 MP: 10/10
  8479 | D:10     | Noticed a fire dragon
  8488 | D:10     | Noticed a necromancer
  8490 | D:10     | Gained mutation: You are partially covered in iridescent
                  | scales. (AC +2) [potion of mutation]
  8490 | D:10     | Gained mutation: You are robust. (+10% HP) [potion of
                  | mutation]
  8490 | D:10     | Gained mutation: Your flesh is heat resistant. (rF+)
                  | [potion of mutation]
  8490 | D:10     | Gained mutation: You have an increased reservoir of magic.
                  | (+10% MP) [potion of mutation]
  8502 | D:10     | Killed a fire dragon
  8503 | D:10     | Reached skill level 1 in Armour
  8510 | D:10     | Killed a necromancer
  8536 | D:10     | Identified the +8 trident of Terra Cotta {vamp, +Blink
                  | rElec rPois Dex-3}
  8935 | D:11     | Noticed a two-headed ogre
  8946 | D:11     | Killed a two-headed ogre
  9268 | D:11     | Found Tephox's Antique Armour Shoppe.
  9409 | D:11     | Bought a shiny kite shield for 232 gold pieces
  9637 | D:11     | HP: 3/119 [very large slime creature (33)]
  9758 | D:11     | Reached skill level 9 in Unarmed Combat
 10107 | Lair:1   | Entered Level 1 of the Lair of Beasts
 10136 | D:10     | Reached skill level 1 in Shields
 10162 | Lair:1   | Identified the +1 robe "Rorphaca" {rElec Str+3 Slay+2}
 10447 | Lair:1   | Reached XP level 12. HP: 127/130 MP: 10/12
 11237 | Lair:2   | Found a glowing silver altar of Zin.
 11388 | Lair:2   | Reached skill level 5 in Armour
 11677 | Lair:2   | Noticed Maggie
 11687 | Lair:2   | Killed Maggie
 11844 | Lair:2   | Noticed Fannar
 11858 | Lair:2   | Killed Fannar
 11971 | Lair:2   | Identified the +1 chain mail of Immorality {+Inv}
 12057 | Lair:3   | Found a staircase to the Snake Pit.
 12427 | Lair:3   | Found the +2 shield of Resistance {rF++ rC++ Will++}
 12428 | Lair:3   | Noticed Sonja
 12434 | Lair:3   | Killed Sonja
 13094 | Lair:3   | Reached skill level 10 in Unarmed Combat
 13190 | Lair:4   | Identified the amulet "Ciudobuots" {Reflect Int+3 Dex+2
                  | SH+5 SInv Stlth-}
 13362 | Lair:4   | Noticed a six-headed hydra
 13373 | Lair:4   | Killed a two-headed hydra
 13374 | Lair:4   | Reached XP level 13. HP: 140/140 MP: 13/13
 13407 | Lair:4   | Found a runed translucent door.
 13407 | Lair:4   | Noticed Dobruq's ghost (journeyman OgTm)
 13433 | Lair:4   | Killed Dobruq's ghost
 13536 | Lair:4   | Identified the +4 scale mail "Idyetu" {rF+ Dex+5}
 14165 | Lair:4   | Found a staircase to the Swamp.
 14716 | Lair:5   | Found a staircase to the Slime Pits.
 15364 | Slime:1  | Entered Level 1 of the Pits of Slime
 15364 | Slime:1  | Noticed a rockslime
 15364 | Slime:1  | Noticed an azure jelly
 15364 | Slime:1  | Noticed an acid blob
 15364 | Slime:1  | Noticed an azure jelly
 15408 | Lair:6   | Entered Level 6 of the Lair of Beasts
 15470 | Lair:5   | Killed an azure jelly
 15558 | Lair:6   | Found an ornate altar of the Wu Jian Council.
 15939 | Lair:5   | Reached skill level 5 in Shields
 16107 | Lair:6   | Reached skill level 11 in Unarmed Combat
 16303 | Lair:6   | Reached XP level 14. HP: 154/154 MP: 14/14
 16312 | Lair:6   | Found a large runed translucent door.
 16468 | Lair:6   | Found a large runed translucent door.
 17878 | D:12     | Found a runed translucent gate.
 17878 | D:12     | Found a runed translucent gate.
 17878 | D:12     | Found a runed translucent gate.
 17881 | D:12     | Noticed HallandMoats's ghost (journeyman DsFi)
 17979 | D:12     | Found a staircase to the Orcish Mines.
 18381 | D:12     | Killed HallandMoats's ghost
 18389 | D:12     | Identified the +8 halberd "Feix" {drain, rElec Int+3 Dex+4}
 18469 | D:13     | Noticed Urug
 18469 | D:13     | Noticed Rupert
 18469 | D:13     | Found a gate to the Vaults.
 18487 | Orc:1    | Entered Level 1 of the Orcish Mines
 18586 | Orc:2    | Entered Level 2 of the Orcish Mines
 18587 | Orc:2    | Noticed Josephine
 18674 | Orc:1    | Reached skill level 10 in Throwing
 18812 | Orc:2    | Killed Josephine
 18951 | Orc:2    | Noticed Snorg
 19107 | Orc:1    | Reached skill level 10 in Fighting
 19305 | Orc:1    | Killed Snorg
 19688 | Orc:2    | Found a staircase to the Elven Halls.
 20055 | Orc:2    | Reached skill level 12 in Unarmed Combat
 20056 | Orc:2    | Noticed an orc warlord
 20079 | Orc:2    | Killed an orc warlord
 20161 | Orc:2    | Found Royts's Antique Armour Emporium.
 20250 | Orc:2    | Found Wiemm's Magic Scroll Shoppe.
 20257 | Orc:2    | Reached XP level 15. HP: 141/163 MP: 15/15
 20261 | Orc:2    | Bought a scroll of identify for 22 gold pieces
 20261 | Orc:2    | Bought a scroll of teleportation for 33 gold pieces
 20261 | Orc:2    | Bought a scroll of blinking for 82 gold pieces
 20261 | Orc:2    | Bought a scroll of fear for 38 gold pieces
 20261 | Orc:2    | Bought a scroll of fog for 22 gold pieces
 20682 | Orc:2    | Found Najeptex's Distillery.
 20701 | Orc:2    | Bought a potion of heal wounds for 70 gold pieces
 20701 | Orc:2    | Bought a potion of flight for 42 gold pieces
 20701 | Orc:2    | Bought a potion of might for 56 gold pieces
 20701 | Orc:2    | Bought a potion of flight for 42 gold pieces
 20701 | Orc:2    | Bought a potion of resistance for 140 gold pieces
 20701 | Orc:2    | Bought a potion of ambrosia for 112 gold pieces
 20711 | Orc:2    | Found Vimotaot's Assorted Antiques.
 20727 | Orc:2    | Bought a scroll of enchant armour for 270 gold pieces
 20727 | Orc:2    | Bought a scroll of teleportation for 108 gold pieces
 20727 | Orc:2    | Bought a scroll of enchant armour for 270 gold pieces
 21118 | Orc:2    | Noticed Jorgrun
 21129 | Orc:2    | Killed Jorgrun
 21479 | D:13     | Killed Rupert
 21485 | D:13     | Killed Urug
 21711 | D:13     | Found a portal to a secret trove of treasure.
 23282 | D:14     | Reached skill level 13 in Unarmed Combat
 23563 | D:15     | Entered Level 15 of the Dungeon
 23612 | D:14     | Reached XP level 16. HP: 132/178 MP: 16/16
 23771 | D:15     | Reached skill level 10 in Armour
 23922 | D:15     | Found Ideock's Antique Armour Boutique.
 24074 | D:15     | Found a staircase to the Depths.
 24788 | Slime:2  | Noticed an acid blob
 24788 | Slime:2  | Noticed an acid blob
 24806 | Slime:4  | Noticed an acid blob
 24807 | Slime:4  | Noticed an acid blob
 24807 | Slime:4  | Noticed an acid blob
 24807 | Slime:4  | HP: 2/178 [acid (40)]
 24808 | Slime:4  | Splashed with acid

Illustrated notes

Levels and vault maps discovered:
D:1:      lordsloth_arrival_two_stooges, layout_rooms, serial_forest,
          infiniplex_forest_lined_corner, infiniplex_forest_straight_1,
          infiniplex_forest_clump_curved, infiniplex_forest_zigzag_2,
          infiniplex_forest_clump_medium, infiniplex_forest_clump_C,
          infiniplex_forest_lined_room_, infiniplex_forest_end_3,
          minmay_split_cup_large
D:2:      layout_loops_ring, basic_altar
D:3:      wander_river, layout_loops_corners, serial_shops, nicolae_square_shop
D:4:      layout_cave_pools
D:5:      layout_basic, minmay_temple_entry_statues_pillars
D:6:      layout_loops_cross, uniq_crazy_yiuf_cottage
D:7:      hellmonk_destroyed_diamonds, layout_loops_cross,
          mainiacjoe_overflow_catwalk
D:8:      gammafunk_beogh_shrine, layout_basic, grunt_livestock, fountainhead,
          nicolae_fountain_basement, uniq_grum, uniq_erica, uniq_maurice
D:9:      layout_cave_pools, ploomutoo_gammafunk_ghost_potion_laboratory
D:10:     layout_rooms, minmay_lair_entry_lava, eino_house_with_fridge
D:11:     layout_basic, serial_shops, nicolae_inconvenience_store
D:12:     layout_irregular_city, orc_0_dummy, gammafunk_ghost_hydra_chop,
          serial_column_ruins, column_ruins_open_small, column_ruins_open_tiny,
          column_ruins_grid_4, minmay_door_square, serial_bayou_lagoon_b
D:13:     layout_cave_pods, david_vaults_3, enter_trove_3, serial_undead,
          serial_undead_b, serial_undead_e, serial_undead_e, serial_undead_c,
          serial_undead_d
D:14:     layout_gridville
D:15:     gammafunk_enter_depths_forms, layout_small_grid, serial_shops,
          nicolae_shop_competitors_out_of_business
Temple:   mainiacjoe_temple_circle_huts
Lair:1:   layout_gridlike, grunt_megastairs_2, serial_bayou_shore_a
Lair:2:   layout_big_grid, basic_altar, minivault_25, uniq_maggie, uniq_fannar
Lair:3:   layout_layer_cave, dummy_snake_entry, nicolae_quartered_pool_medium,
          uniq_sonja
Lair:4:   layout_small_grid, nicolae_swamp_entry_splash_gauntlet,
          gammafunk_ghost_grave, minivault_23
Lair:5:   layout_regular_city, minmay_slime_entry_pillars
Lair:6:   cheibrodos_lair_end_hotspot, layout_cave_pods, basic_altar
Slime:1:  layout_caves
Slime:2:  layout_caves
Slime:3:  layout_caves
Slime:4:  layout_caves
Orc:1:    layout_caves
Orc:2:    pubby_orc_utopia, uniq_josephine, uniq_urug, uniq_jorgrun, uniq_snorg

Skill      XL: |  1  2  3  4  5  6  7  8  9 10 11 12 13 14 15 16 |
---------------+-------------------------------------------------+-----
Fighting       | 3 4 5 6 7 8 9 10 11 | 11.2
Dodging        | 3 4 5 6 7 |  7.0
Unarmed Combat | 4 5 6 7 8 9 10 11 12 13 | 13.2
Throwing       | 1 2 4 5 6 7 8 9 10 | 10.0
Evocations     | 1 2 3 4 5 6 7 8 9 |  9.8
Armour         | 4 6 7 8 9 10 | 10.1
Shields        | 1 3 5 6 8 |  8.3
Stealth        | |  1.0

Action                   |  1- 3 |  4- 6 |  7- 9 | 10-12 | 13-15 | 16-18 || total
-------------------------+-------+-------+-------+-------+-------+-------++-------
Melee: Unarmed           |   120 |   115 |   252 |   755 |  1620 |   117 ||  2979
       Punch             |     3 |     5 |    13 |    16 |       |       ||    37
       Scimitar          |       |       |       |     4 |    72 |    11 ||    87
Throw: Boomerang         |       |     4 |    26 |    75 |    22 |       ||   127
       Javelin           |       |       |       |     6 |       |       ||     6
       Large rock        |       |       |       |     6 |     6 |       ||    12
       Throwing net      |       |       |       |     1 |     1 |       ||     2
Evoke: Wand              |       |     2 |       |     8 |    11 |       ||    21
       Lightning rod     |       |       |       |       |     3 |       ||     3
  Use: Scroll            |       |     1 |     9 |    18 |    10 |     1 ||    39
       Potion            |       |       |       |     3 |       |     1 ||     4
 Stab: Sleeping          |     2 |       |     5 |       |       |       ||     7
       Distracted        |     1 |       |       |       |       |       ||     1
       Paralysed         |       |       |       |     9 |    12 |       ||    21
Armor: Robe              |    42 |    41 |    47 |    77 |       |       ||   207
       Skin              |       |       |       |    11 |       |       ||    11
       Fire dragon scale |       |       |       |   281 |   858 |    55 ||  1194
       Acid dragon scale |       |       |       |    24 |       |       ||    24
Dodge: Dodged            |    50 |    79 |   127 |   381 |   490 |    36 ||  1163
Block: Kite shield       |       |       |       |   201 |  1429 |    95 ||  1725
       Reflection        |       |       |       |       |    28 |     1 ||    29

Table legend: (Time is in decaauts)
 A = Elapsed time spent in this place.
 B = Non-inter-level travel time spent in this place.
 C = Inter-level travel time spent in this place.
 D = Time resting spent in this place.
 E = Time spent auto-exploring this place.
 F = Levels seen in this place.
 G = Mean time per level.
                   A        B        C        D        E       F      G
               +--------+--------+--------+--------+--------+-----+--------+
         Total |  24722 |  23148 |   1574 |   2263 |  14655 |  28 |  882.9 |
       Dungeon |  14469 |  13619 |    850 |   1689 |   8421 |  15 |  964.6 |
        Temple |    321 |    304 |     17 |      0 |    283 |   1 |  321.0 |
          Lair |   7249 |   6658 |    591 |    304 |   4642 |   6 | 1208.2 |
    Slime Pits |     28 |     28 |      0 |      0 |      0 |   4 |    7.0 |
  Orcish Mines |   2654 |   2540 |    114 |    270 |   1309 |   2 | 1327.0 |
               +--------+--------+--------+--------+--------+-----+--------+

Top non-repeatable levels by time:
   Orc:2: 2015 daAuts
  Lair:6: 1564 daAuts
     D:8: 1441 daAuts
  Lair:4: 1399 daAuts
    D:11: 1296 daAuts
    D:12: 1296 daAuts
  Lair:3: 1184 daAuts
  Lair:1: 1167 daAuts
    D:14: 1165 daAuts
  Lair:5: 1090 daAuts
    D:13: 1024 daAuts
     D:9: 1003 daAuts
     D:3: 991 daAuts
     D:5: 977 daAuts
    D:15: 952 daAuts
